 Dungeon Crawl Stone Soup version 0.18-a0-20-gaede791 (webtiles) character file.

534 Arkorax the Skirmisher (level 7, -4/58 HPs)
             Began as a Formicid Fighter on Nov 2, 2015.
             Killed from afar by an orc wizard (6 damage)
             ... with a magic dart
             ... on level 4 of the Dungeon.
             The game lasted 00:05:04 (2369 turns).

Arkorax the Skirmisher (Formicid Fighter)           Turns: 2369, Time: 00:05:04

Health: -4/58      AC:  6    Str: 23    XL:     7   Next: 49%
Magic:  7/7        EV:  8    Int:  8    God:
Gold:   128        SH:  9    Dex: 11    Spells: 0 memorised, 6 levels left

rFire  . . .     SeeInvis +     a - +0 war axe
rCold  . . .     Clarity  .     b - +0 scale mail
rNeg   . . .     SustAt   .     c - +0 shield
rPois  .         Gourm    .     (helmet unavailable)
rElec  .         Spirit   .     (no cloak)
rCorr  .         Warding  .     (no gloves)
rMut   .         Stasis   +     (no boots)
MR     .....                    (no amulet)
Stlth  ..........               (no ring)
                                l - +2 ring of strength

@: not resistant to hostile enchantments, extremely unstealthy
A: permanent stasis, dig shafts and tunnels, four strong arms, antennae 3
a: Dig, Shaft Self


You were on level 4 of the Dungeon.
You were not hungry.

You visited 1 branch of the dungeon, and saw 4 of its levels.

You collected 128 gold pieces.

Inventory:

Hand Weapons
 a - a +0 war axe (weapon)
Missiles
 g - 8 javelins (quivered)
Armour
 b - a +0 scale mail (worn)
 c - a +0 shield (worn)
Jewellery
 l - a +2 ring of strength (left hand)
 t - an uncursed ring of wizardry {unknown}
Wands
 u - a wand of paralysis (6)
Scrolls
 i - 3 scrolls of random uselessness {unknown}
 k - 4 scrolls of teleportation {unknown}
 n - 2 scrolls of amnesia {unknown}
 p - 5 scrolls of identify {unknown}
 q - a scroll of immolation {unknown}
 r - a scroll of enchant weapon {unknown}
Potions
 d - 2 potions of might
 h - 2 potions of lignification {unknown}
 j - 2 potions of heal wounds {unknown}
 m - a potion of resistance {unknown}
 s - a potion of mutation {unknown}
 w - 2 potions of curing {unknown}
Comestibles
 e - 3 bread rations
 f - 6 fruits
 o - 2 meat rations
 v - a slice of pizza


   Skills:
 + Level 6.2 Fighting
 * Level 6.0 Axes
 - Level 3.2 Armour
 - Level 3.6 Shields
 + Level 0.2 Evocations


You had 6 spell levels left.
You didn't know any spells.

Dungeon Overview and Level Annotations

Branches:
Dungeon (4/15)
 Temple: D:4-7

Altars:
Fedhas
Vehumet

Annotations:
D:3 exclusion: oklob plant


Innate Abilities, Weirdness & Mutations

You are under a permanent stasis effect.
You can dig through walls and to a lower floor.
Your four strong arms can wield two-handed weapons with a shield.
You have a pair of large antennae on your head (SInv).


Message History

You don't have any such object.
Evoke which item? (* to show all) (? for menu, Esc to quit)
Zapping:
u - a wand of paralysis {zapped: 4} (will waste charges)
Press: ? - help, Shift-Dir - straight line, f - orc wizard
Aim: an orc wizard, wielding a dagger and wearing a robe (heavily wounded, fast, chance to defeat MR: 46%)
Okay, then.
Evoke which item? (* to show all) (? for menu, Esc to quit)
Zapping:
u - a wand of paralysis {zapped: 4} (will waste charges)
Press: ? - help, Shift-Dir - straight line, f - orc wizard
Aim: an orc wizard, wielding a dagger and wearing a robe (heavily wounded, fast, chance to defeat MR: 46%)
The orc wizard resists with some effort.
Evoking this partially-identified wand wasted a few charges.
The orc wizard is no longer moving quickly.
You miss the orc wizard.
The orc wizard is heavily wounded.
The orc wizard gestures wildly while chanting.
The orc wizard blinks!
The orc wizard points at you and mumbles some strange words.
The magic dart hits you!
You die...

#. ....# #.. #
o... #.##.#.o..
#..##... .##
#..... ..# #.o..#
#.# #.#..## #.#
#######.##..###.#
............@.†.#
######.#########
#.# #.#
########.#
#........#
#.######## #.#
#.#


You could see an orc wizard.

Vanquished Creatures
  Grinder (D:3)
  An orc priest (D:4)
  A centaur skeleton (D:3)
  An orc wizard (D:4)
  Jessica (D:3)
  A worker ant (D:4)
  Natasha (thrice) (D:3)
  7 adders
  An ooze (D:3)
  2 worms
  10 orcs
  5 bats
  6 giant cockroaches
  8 hobgoblins
  7 jackals
  2 quokkas (D:2)
  2 giant geckos
  2 giant newts
  8 goblins
  13 kobolds
  10 rats
92 creatures vanquished.

Notes
Turn   | Place    | Note
--------------------------------------------------------------
     0 | D:1      | Arkorax the Formicid Fighter began the quest for the Orb.
     0 | D:1      | Reached XP level 1. HP: 18/18 MP: 1/1
   122 | D:1      | Reached XP level 2. HP: 24/24 MP: 2/2
   487 | D:1      | Reached skill level 4 in Fighting
   554 | D:1      | Reached XP level 3. HP: 26/30 MP: 3/3
   670 | D:2      | Reached XP level 4. HP: 28/38 MP: 4/4
  1035 | D:2      | Reached XP level 5. HP: 19/43 MP: 5/5
  1510 | D:3      | Found a radiant altar of Vehumet.
  1697 | D:3      | Noticed Grinder
  1711 | D:3      | Killed Grinder
  1711 | D:3      | Reached skill level 5 in Fighting
  1711 | D:3      | Reached skill level 5 in Axes
  1711 | D:3      | Reached XP level 6. HP: 40/51 MP: 6/6
  1738 | D:3      | Found a blossoming altar of Fedhas.
  1759 | D:3      | Noticed an oklob plant
  1836 | D:3      | Noticed Natasha
  1840 | D:3      | Killed Natasha
  1913 | D:3      | Noticed Natasha
  1924 | D:3      | Killed Natasha
  1924 | D:3      | Reached XP level 7. HP: 44/57 MP: 7/7
  1964 | D:3      | Noticed Jessica
  1971 | D:3      | Killed Jessica
  2027 | D:3      | Noticed Natasha
  2033 | D:3      | Killed Natasha
  2349 | D:4      | Reached skill level 6 in Fighting
  2365 | D:4      | HP: 1/58 [orc wizard/magic dart (9)]
  2369 | D:4      | Killed from afar by an orc wizard

Vault maps used:
D:1:      dpeg_arrival_snail
D:2:      first_bread, serial_forest, infiniplex_forest_end_3,
          infiniplex_forest_zigzag_1, infiniplex_forest_lined_3,
          infiniplex_forest_zigzag_1, infiniplex_forest_side_room
D:3:      lemuel_crystal_altar, tgw_fedhas, uniq_jessica, uniq_natasha,
          uniq_grinder
D:4:      grunt_temple_overflow_bloody_war, kiku_gazebo_pond_becter,
          makhleb_altar_promises_db, minmay_bisected, uniq_robin

Action                   |  1- 3 |  4- 6 |  7- 9 || total
-------------------------+-------+-------+-------++-------
Melee: War axe           |    94 |   143 |    58 ||   295
Evoke: Wand              |       |     2 |     1 ||     3
 Stab: Paralysed         |       |     7 |       ||     7
  Eat: Chunk             |       |     3 |     2 ||     5
